 Dungeon Crawl Stone Soup version 0.25-a0-855-g681bda5bb4 (webtiles) character file.

Game seed: 9630248343375825173, levelgen mode: deterministic

3977 Maedhros the Fighter (level 10, -24/69 HPs)
             Began as an Octopode Wanderer on Apr 26, 2020.
             Was a Plaything of Xom.
             Annihilated by a two-headed ogre
             ... wielding a +0 giant spiked club
              (25 damage)
             ... on level 9 of the Dungeon.
             The game lasted 00:10:24 (9453 turns).

Maedhros the Fighter (Octopode Wanderer)            Turns: 9453, Time: 00:10:24

Health: -24/69     AC:  1    Str:  9      XL:     10   Next: 22%
Magic:  5/10       EV: 18    Int:  9 (12) God:    Xom [*.....]
Gold:   438        SH:  0    Dex: 12 (18) Spells: 9/9 levels left

rFire    . . .     SeeInvis .   E - +3 dagger (chaos)
rCold    . . .     Gourm    .   (no shield)
rNeg     . . .     Faith    .   (helmet restricted)
rPois    .         Spirit   .   (no amulet)
rElec    .         Reflect  .   k - ring of flight
rCorr    .         Harm     .   (no ring)
MR       .....                  (no ring)
Stlth    +++.......             (no ring)
HPRegen  0.21/turn              (no ring)
MPRegen  0.12/turn              (no ring)
                                (no ring)
                                (no ring)

@: no status effects
A: almost no armour, stealthy swim, amphibious, 8 rings, constrict 8, camouflage
1, blurry vision 1, deterioration 2, frail 1, screaming 1, weak 1, gelatinous
body 1, MP-powered wands
a: Renounce Religion, Evoke Flight


You were on level 9 of the Dungeon.
You worshipped Xom.
You were a special plaything of Xom.
You were hungry.

You visited 2 branches of the dungeon, and saw 10 of its levels.
You also visited: Sewer.

You collected 438 gold pieces.

Inventory:

Hand Weapons
 a - a +2 falchion
 d - a +0 dagger
 E - a +3 dagger of chaos (weapon)
Missiles
 o - 43 poisoned darts (quivered)
Jewellery
 j - a +3 amulet of reflection {unknown}
 k - a ring of flight (left tentacle)
 p - a +3 amulet of reflection {unknown}
 B - an uncursed ring of protection from magic
Wands
 n - a wand of clouds (1)
 x - a wand of random effects (26)
 D - a wand of enslavement (10)
Scrolls
 b - 2 scrolls of enchant weapon {unknown}
 c - a scroll of blinking {unknown}
 e - 5 scrolls of identify {unknown}
 g - 6 scrolls of remove curse {unknown}
 l - a scroll of amnesia {unknown}
 r - a scroll of noise {unknown}
 s - 2 scrolls of fear {unknown}
 u - a scroll of magic mapping {unknown}
 w - a scroll of torment {unknown}
 y - 2 scrolls of enchant armour {unknown}
 z - a scroll of fog {unknown}
 A - 4 scrolls of teleportation {unknown}
 C - a scroll of acquirement {unknown}
 G - a scroll of brand weapon {unknown}
Potions
 h - 4 potions of haste {unknown}
 i - 2 potions of magic {unknown}
 m - 2 potions of curing
 q - a potion of brilliance
 t - 2 potions of stabbing {unknown}
 v - 2 potions of might
Comestibles
 f - 12 rations


   Skills:
 + Level 10.4 Fighting
 - Level 3.0 Long Blades
   Level 1.0 Polearms
 + Level 10.2 Dodging
 - Level 4.0 Stealth


You had 9 spell levels left.
You didn't know any spells.
Your spell library contained the following spells:

 Spells                   Type           Power        Failure   Level  Hunger
 Infusion                 Chrm           #...         38%         1    ##.....
 Shroud of Golubria       Chrm/Tloc      #.....       52%         2    ###....
 Song of Slaying          Chrm           #.......     52%         2    ###....
 Ozocubu's Armour         Chrm/Ice       #.......     77%         3    ####...
 Spectral Weapon          Hex/Chrm       #.......     77%         3    ####...


Dungeon Overview and Level Annotations

Branches:
Dungeon (9/15)             Temple (1/1) D:5           Sewer (visited)
   Lair: D:8-11         Orc: D:9-12

Altars:
Ashenzari
Cheibriados
Dithmenos
Elyvilon
Fedhas
Gozag
Hepliaklqana
Kikubaaqudgha
Makhleb
Nemelex Xobeh
Okawaru
Qazlal
Ru
Sif Muna
Trog
Uskayaw
Vehumet
Wu Jian
Xom
Yredelemnul
Zin
The Shining One

Shops:
D:8 :


Innate Abilities, Weirdness & Mutations

You cannot wear most types of armour.
You are very stealthy in the water. (Stealth+)
You are amphibious.
You can wear up to eight rings at the same time.
You can use your tentacles to constrict eight enemies at once.
Your skin changes colour to match your surroundings (Stealth+).
Your rubbery body absorbs attacks. (AC +1, EV +1)
Scrolls take you a little longer to read.
Your body often deteriorates upon taking damage.
You are frail. (-10% HP)
You occasionally shout uncontrollably at your foes.
You are weak. (Str -2)
You expend magic power (3 MP) to strengthen your wands.


Message History

The two-headed ogre is no longer moving slowly.
Evoke which item? (* to show all) (? for menu, Esc to quit)
Aiming: Random Effects
Press: ? - help, Shift-Dir - straight line, f/p - two-headed ogre
Aim: a two-headed ogre, wielding a +0 giant spiked club and a +0 dire flail (lightly wounded, fast, unusually strong)
You feel a surge of power!
The two-headed ogre resists with some effort.
The two-headed ogre barely misses you. The two-headed ogre closely misses you.
The two-headed ogre misses you. The two-headed ogre closely misses you.
The two-headed ogre closely misses you.
The two-headed ogre hits you with a +0 dire flail!
* * * LOW HITPOINT WARNING * * *
You emit a cloud of colourful smoke!
Xom opens a gate.
You are now a special plaything of Xom.
You swap places.
The two-headed ogre hits you with a +0 giant spiked club!
* * * LOW HITPOINT WARNING * * *
The two-headed ogre hits you with a +0 dire flail!!
You die...
Xom titters!

### ##.## ####
#.÷.###%.%# ##..#..#(.%#
#..####..÷÷#
#.##########
###########§##.###
.......@O§§§.....#######
......<.5§§§§...........
########################
##### ..... ..... .....


You could see a two-headed ogre and a friendly crimson imp.

Vanquished Creatures
  Psyche (D:8)
  A hornet (D:7)
  A hungry ghost (D:7)
  Menkaure (D:5)
  An ice beast (D:5)
  An orc warrior (D:7)
  A black bear (D:7)
  4 phantoms
  3 sky beasts
  An ogre (D:4)
  2 wolves (D:8)
  A crocodile (D:8)
  2 centaurs
  3 big kobolds (Sewer)
  3 bullfrogs
  A water moccasin zombie (D:5)
  5 scorpions
  2 crimson imps
  2 centaur zombies (D:7)
  4 hounds
  2 orc priests
  A centaur skeleton (D:6)
  A jelly (D:8)
  An iguana (D:5)
  3 worker ants
  8 orc wizards
  2 hound zombies
  A hound skeleton (D:5)
  11 adders
  4 oozes
  2 adder zombies
  An adder skeleton (D:4)
  6 worms
  2 dart slugs
  4 leopard geckos
  23 orcs
  12 giant cockroaches
  4 goblins
  3 hobgoblins
  6 jackals
  18 kobolds
  3 quokkas
  5 ball pythons
  9 bats
  4 frilled lizards
  A giant cockroach zombie (D:6)
  5 rats
182 creatures vanquished.

Vanquished Creatures (collateral kills)
  Grum (D:8)
  A wolf (D:8)
2 creatures vanquished.

Vanquished Creatures (others)
  A steam dragon (D:8)
1 creature vanquished.

Grand Total: 185 creatures vanquished

Notes
Turn   | Place    | Note
-------+----------+-------------------------------------------
     0 | D:1      | Maedhros the Octopode Wanderer began the quest for the Orb.
     0 | D:1      | Maedhros set off with the following items: a +2 falchion, a
                  | potion of curing, a potion of lignification, a +0 dagger, a
                  | ration
     0 | D:1      | Reached XP level 1. HP: 14/14 MP: 1/1
   158 | D:1      | Reached XP level 2. HP: 16/20 MP: 2/2
   715 | D:2      | Reached XP level 3. HP: 11/25 MP: 3/3
  1410 | D:2      | HP: 1/26 [worm (10)]
  1411 | D:2      | Reached XP level 4. HP: 1/31 MP: 4/4
  1593 | D:2      | Found an iron altar of Okawaru.
  2079 | D:4      | Reached XP level 5. HP: 26/37 MP: 5/5
  2499 | D:4      | Noticed an ogre
  2501 | D:4      | Noticed a phantom
  2509 | D:4      | Killed an ogre
  2509 | D:4      | Reached XP level 6. HP: 27/44 MP: 6/6
  2518 | D:4      | Killed a phantom
  2785 | D:4      | Reached skill level 5 in Fighting
  3280 | D:5      | Entered Level 5 of the Dungeon
  3292 | D:5      | Noticed a sky beast
  3346 | D:4      | You fall into a shaft and drop 3 floors!
  3534 | D:6      | Found a basalt altar of Yredelemnul.
  3542 | D:6      | Reached skill level 5 in Dodging
  3542 | D:6      | Reached XP level 7. HP: 37/50 MP: 7/7
  3784 | D:6      | Found a glowing drain.
  3791 | Sewer    | Entered a sewer
  4010 | Sewer    | Reached XP level 8. HP: 39/58 MP: 8/8
  4379 | D:5      | Found a glowing silver altar of Zin.
  4380 | D:5      | Found a shattered altar of Ashenzari.
  4462 | D:5      | Found a staircase to the Ecumenical Temple.
  4510 | Temple   | Entered the Ecumenical Temple
  4708 | Temple   | Became a worshipper of Xom of Chaos
  4800 | D:5      | Noticed Menkaure
  4804 | D:5      | Killed Menkaure
  5175 | D:4      | XOM: cast spell 'Leda's Liquefaction'
  5308 | D:3      | XOM: 2-stop teleportation journey
  5595 | D:3      | Found a hazy altar of Hepliaklqana.
  6136 | D:5      | XOM: summons 2 hostile shadow creatures
  6691 | D:6      | Reached XP level 9. HP: 53/66 MP: 9/9
  6773 | D:7      | XOM: confusion
  6777 | D:7      | XOM: enchant monster (bad)
  6935 | D:7      | XOM: summons 2 hostile demons
  6947 | D:7      | XOM: divination: magic mapping
  7210 | D:7      | XOM: blink monster(s)
  7236 | D:7      | Found a glowing golden altar of the Shining One.
  7259 | D:7      | XOM: potion effect (stabbing)
  7260 | D:7      | XOM: smoke on damage
  7477 | D:7      | Noticed a hornet
  7481 | D:7      | Paralysed by a hornet for 3 turns
  7485 | D:7      | Killed a hornet
  8194 | D:8      | XOM: summons 5 hostile demons
  8195 | D:8      | Noticed an ice devil
  8200 | D:8      | Found a sparkling altar of Nemelex Xobeh.
  8264 | D:8      | XOM: 1-stop teleportation journey
  8380 | D:8      | XOM: give mutations
  8380 | D:8      | Gained mutation: Scrolls take you a little longer to read.
                  | [Xom's mischief]
  8380 | D:8      | Gained mutation: Your body sometimes deteriorates upon
                  | taking damage. [Xom's mischief]
  8380 | D:8      | Gained mutation: You occasionally shout uncontrollably at
                  | your foes. [Xom's mischief]
  8380 | D:8      | Gained mutation: You expend magic power (3 MP) to
                  | strengthen your wands. [Xom's mischief]
  8385 | D:8      | Noticed Grum
  8385 | D:8      | Killed Grum
  8671 | D:8      | Reached skill level 10 in Fighting
  8671 | D:8      | Reached XP level 10. HP: 39/76 MP: 10/10
  8686 | D:8      | XOM: noise
  8731 | D:8      | XOM: give mutations
  8731 | D:8      | Gained mutation: Your body often deteriorates upon taking
                  | damage. [Xom's mischief]
  8731 | D:8      | Gained mutation: You are frail. (-10% HP) [Xom's mischief]
  8731 | D:8      | Gained mutation: You are weak. (Str -2) [Xom's mischief]
  8886 | D:8      | XOM: cast spell 'Leda's Liquefaction'
  8889 | D:8      | XOM: 1-stop teleportation journey
  8965 | D:8      | Found Lirola's Book Boutique.
  8976 | D:8      | Reached skill level 10 in Dodging
  8982 | D:8      | Noticed Psyche
  8985 | D:8      | XOM: cast spell 'Death Channel'
  8990 | D:8      | Killed Psyche
  9436 | D:9      | Noticed a two-headed ogre
  9450 | D:9      | XOM: smoke on damage
  9452 | D:9      | XOM: summons friendly crimson imp
  9453 | D:9      | HP: 1/69 [two-headed ogre/+0 giant spiked club (8)]
  9453 | D:9      | Annihilated by a two-headed ogre

Levels and vault maps discovered:
D:1:      minmay_arrival_open_corners, layout_basic, serial_forest,
          infiniplex_forest_lined_1, infiniplex_forest_straight_3,
          infiniplex_forest_lined_3, infiniplex_forest_lined_2, st_stairs_1
D:2:      cheibrodos_pilgrimage, layout_basic, kennysheep_okawaru_gauntlet,
          first_ration
D:3:      lemuel_upstairs_altar, layout_loops_ring, marbit_many_paths,
          minmay_misc_feat_four_crosses
D:4:      layout_basic, minmay_misc_feat_rugged
D:5:      layout_loops_ring, grunt_temple_overflow_open,
          minmay_temple_entry_junction, uniq_menkaure
D:6:      layout_loops_ring, gup_sewer_entry_spiral, basic_altar
D:7:      layout_loops_cross, tso_oasis_becter
D:8:      layout_loops_cross, nemelex_xobeh_ov_fountains_minmay, serial_shops,
          shop, uniq_grum, uniq_psyche
D:9:      layout_long_grid, grunt_ogre_cave, kennysheep_generic_room_2,
          uniq_harold, uniq_prince_ribbit1
Temple:   eino_temple_rhombus

Skill      XL: |  1  2  3  4  5  6  7  8  9 10 |
---------------+-------------------------------+-----
Dodging        | 2 3 4 5 6 7 9 10 | 10.2
Fighting       | 3 4 5 6 8 10 | 10.4
Long Blades    | |  3.0
Polearms       | |  1.0
Stealth        | |  4.0

Action                   |  1- 3 |  4- 6 |  7- 9 | 10-12 || total
-------------------------+-------+-------+-------+-------++-------
Melee: Falchion          |    46 |    74 |   364 |    26 ||   510
       Constrict         |    13 |    21 |    77 |     8 ||   119
       Tentacles         |     6 |    14 |   103 |     9 ||   132
       Dagger            |       |       |       |    20 ||    20
Evoke: Wand              |       |     2 |     5 |     2 ||     9
  Use: Potion            |     2 |     1 |    14 |     2 ||    19
 Stab: Sleeping          |     8 |     6 |    35 |     5 ||    54
       Distracted        |       |     1 |       |       ||     1
  Eat: Chunk             |     1 |     5 |     9 |     2 ||    17
       Ration            |       |     1 |     3 |       ||     4
Armor: Skin              |     2 |     4 |    18 |       ||    24
Dodge: Dodged            |    14 |    55 |   356 |    35 ||   460
       Rpst.: Falchion   |     3 |    21 |   103 |     8 ||   135

Table legend:
 A = Non-vault XP
 B = Vault XP
 C = Vault XP percentage of total XP
 D = Non-vault monster count
 E = Vault monster count
 F = Vault count percentage of total count
                 A         B        C        D         E       F
            +---------+---------+-------+---------+---------+-------
      Total |    4270 |    1412 |  24.9 |     138 |      47 |  25.4
            +---------+---------+-------+---------+---------+-------
        D:1 |      30 |       2 |   6.2 |      12 |       2 |  14.3
        D:2 |      74 |      89 |  54.6 |      20 |       8 |  28.6
        D:3 |      43 |       3 |   6.5 |      15 |       1 |   6.2
        D:4 |     599 |       0 |   0.0 |      19 |       0 |   0.0
        D:5 |     581 |     165 |  22.1 |      15 |       1 |   6.2
        D:6 |     415 |      17 |   3.9 |      12 |       6 |  33.3
        D:7 |    1756 |       0 |   0.0 |      29 |       0 |   0.0
        D:8 |     599 |     788 |  56.8 |      12 |       5 |  29.4
        D:9 |     173 |       0 |   0.0 |       4 |       0 |   0.0
      Sewer |       0 |     348 | 100.0 |       0 |      24 | 100.0
            +---------+---------+-------+---------+---------+-------
